 Dungeon Crawl Stone Soup version 0.25.1-2-g60ff931df9 (webtiles) character file.

Game seed: 3046587191972039916

147 promet the Skirmisher (level 5, 47/47 HPs)
             Began as a Minotaur Fighter on Oct 2, 2020.
             Was an Initiate of Vehumet.
             Quit the game on level 3 of the Dungeon.
             The game lasted 00:18:49 (2805 turns).

promet the Skirmisher (Minotaur Fighter)            Turns: 2805, Time: 00:18:50

Health: 47/47      AC:  7    Str: 21    XL:     5   Next: 8%
Magic:  4/4        EV:  7    Int:  5    God:    Vehumet [......]
Gold:   90         SH:  9    Dex: 10    Spells: 4/4 levels left

rFire    . . .     SeeInvis .   a - +0 long sword
rCold    . . .     Gourm    .   c - +0 kite shield
rNeg     . . .     Faith    .   b - +0 scale mail
rPois    .         Spirit   .   (helmet restricted)
rElec    .         Reflect  .   (no cloak)
rCorr    .         Harm     .   (no gloves)
MR       .....                  (no boots)
Stlth    ..........             (no amulet)
HPRegen  0.15/turn              (no ring)
MPRegen  0.09/turn              (no ring)

@: no status effects
A: retaliatory headbutt, horns 2
a: Renounce Religion


You were on level 3 of the Dungeon.
You worshipped Vehumet.
Vehumet was noncommittal.
You were not hungry.

You visited 1 branch of the dungeon, and saw 3 of its levels.

You collected 90 gold pieces.

Inventory:

Hand Weapons
 a - a +0 long sword (weapon)
Missiles
 g - 126 stones
 h - 52 bolts
 l - 6 javelins (quivered)
 o - 8 silver javelins
 p - 3 poisoned darts
Armour
 b - a +0 scale mail (worn)
 c - a +0 kite shield (worn)
 m - a +0 helmet
Jewellery
 j - an uncursed ring of ice {unknown}
Scrolls
 k - 3 scrolls of identify
 n - a scroll of magic mapping
Potions
 d - a potion of might
 e - a potion of curing
Comestibles
 f - 2 rations


   Skills:
 * Level 4.7 Fighting
 + Level 4.1 Long Blades
 + Level 0.4 Throwing
 + Level 4.4 Armour
 + Level 0.4 Dodging
 + Level 4.3 Shields


You had 4 spell levels left.
You didn't know any spells.
Your spell library was empty.

Dungeon Overview and Level Annotations

Branches:
Dungeon (3/15)

Altars:
Dithmenos
Vehumet


Innate Abilities, Weirdness & Mutations

You reflexively headbutt those who attack you in melee.
You have a pair of horns on your head.


Message History

HP restored.
Some of the chunks of flesh in your inventory have rotted away.
You see here a +0 dagger of freezing.
A hobgoblin comes into view. It is wielding a +0 club.
The hobgoblin shouts!
You block the hobgoblin's attack.
You hit the hobgoblin. You headbutt the hobgoblin.
The hobgoblin is almost dead.
The hobgoblin hits you with a +0 club.
You slash the hobgoblin!
You kill the hobgoblin!
Things that are here:
a +0 club; a +0 leather armour All of the chunks of flesh in your inventory have rotted away.
Found a radiant altar of Vehumet.
There is a radiant altar of Vehumet here.
You kneel at the altar of Vehumet.
Vehumet welcomes you!
You offer a prayer to Vehumet.
Are you sure you want to abandon this character and quit the game? (Confirm with "yes".)

...........#
...........#
.....#######
.....########*
##.##........*
##################
.................#
..#...#...#...#..#
................@#
..#...#...#...#..#
.................#
##################
**,**,,,,,,,,*
**,**,,,,,,,,*
,,,,*,,,,,,,,*
,,,,,,,,,,,,,*
,,,,,,,,,,,,,*


There were no monsters in sight!

Vanquished Creatures
  5 adders
  An ooze (D:3)
  3 worms
  2 dart slugs
  3 leopard geckos
  An orc (D:3)
  10 bats
  3 giant cockroaches
  9 hobgoblins
  6 kobolds
  2 quokkas (D:2)
  3 ball pythons
  2 frilled lizards
  13 goblins
  17 rats
80 creatures vanquished.

Notes
Turn   | Place    | Note
-------+----------+-------------------------------------------
     0 | D:1      | promet the Minotaur Fighter began the quest for the Orb.
     0 | D:1      | Reached XP level 1. HP: 19/19 MP: 0/0
   525 | D:1      | Reached XP level 2. HP: 27/27 MP: 1/1
   866 | D:1      | Reached XP level 3. HP: 33/33 MP: 2/2
  1689 | D:2      | Reached XP level 4. HP: 41/41 MP: 3/3
  2530 | D:3      | Found a shadowy altar of Dithmenos.
  2623 | D:3      | Reached XP level 5. HP: 47/47 MP: 4/4
  2796 | D:3      | Found a radiant altar of Vehumet.
  2804 | D:3      | Became a worshipper of Vehumet
  2805 | D:3      | Quit the game

Illustrated notes

Levels and vault maps discovered:
D:1:      onia_arrival_handbag, layout_loops_ring
D:2:      layout_loops_ring, kennysheep_cluttered_room, minmay_misc_feat_square
D:3:      layout_basic, lemuel_coloured_pillars_altar, old_standard_altar,
          uniq_crazy_yiuf_cottage

Skill      XL: |  1  2  3  4 |
---------------+-------------+-----
Armour         | 4 |  4.4
Shields        | 4 |  4.3
Long Blades    | 3 4 |  4.1
Fighting       | 4 |  4.7
Throwing       | |  0.4
Dodging        | |  0.4

Action                   |  1- 3 |  4- 6 || total
-------------------------+-------+-------++-------
Melee: Long sword        |    86 |    70 ||   156
       Headbutt          |    12 |     8 ||    20
Throw: Boomerang         |     3 |     4 ||     7
       Javelin           |       |     3 ||     3
       Stone             |       |     3 ||     3
  Use: Scroll            |     3 |     3 ||     6
       Potion            |     3 |       ||     3
  Eat: Chunk             |     3 |     3 ||     6
Armor: Scale mail        |    37 |    28 ||    65
Dodge: Dodged            |    22 |    16 ||    38
Block: Kite shield       |    40 |    38 ||    78
       Rpst.: Long sword |     7 |     5 ||    12
